 Dungeon Crawl Stone Soup version 0.31.0-9-g3a7656b989 (webtiles) character file.

Game seed: 1177533771624925842

240 qw the Skirmisher (level 5, -6/30 HPs)
             Began as a Deep Elf Hunter on Feb 2, 2024.
             Mangled by Eustachio
             ... wielding a +2 falchion of electrocution
              (10 damage)
             ... on level 4 of the Dungeon.
             The game lasted 00:00:08 (2177 turns).

qw the Skirmisher (Deep Elf Hunter)                 Turns: 2177, Time: 00:00:09

Health: -6/30      AC: 12    Str: 10    XL:     5   Next: 80%
Magic:  7/7        EV: 11    Int: 14    God:
Gold:   133        SH:  0    Dex: 18    Spells: 4/4 levels left

rFire   . . .        a - +1 shortbow
rCold   . . .        (shield currently unavailable)
rNeg    + . .        b - +0 ring mail
rPois   .            f - +1 helmet
rElec   .            (no cloak)
rCorr   .            d - +0 pair of gloves
SInv    .            (no boots)
Will    .....        (no amulet)
Stlth   +            k - ring of positive energy
HPRegen 0.25/turn    j - +4 ring of protection
MPRegen 0.10/turn

%: no passive effects
@: hasted, very quick
A: no striking features
a: no special abilities


You were on level 4 of the Dungeon.
You visited 1 branch of the dungeon, and saw 4 of its levels.

You collected 133 gold pieces.


   Skills:
 - Level 2.0 Fighting
 - Level 9.0 Ranged Weapons
 + Level 0.6 Armour
 - Level 2.4 Dodging
 - Level 1.2 Stealth


You had 4 spell levels left.
You didn't know any spells.
Your spell library was empty.

Inventory:

Hand Weapons
 a - a +1 shortbow (weapon)
Armour
 b - a +0 ring mail (worn)
 d - a +0 pair of gloves (worn)
 f - a +1 helmet (worn)
Jewellery
 e - a ring of ice
 j - a +4 ring of protection (right hand)
 k - a ring of positive energy (left hand)
Wands
 o - a wand of mindburst (17)
Potions
 g - a potion of curing
 h - a potion of resistance

Dungeon Overview and Level Annotations

Branches:
Dungeon (4/15)
 Temple: D:4-7

Altars:
Nemelex Xobeh
Qazlal
Sif Muna

Shops:
D:3 (

Annotations:
D:4 Eustachio


Message History

The rat bites you but does no damage.
You shoot an arrow. The arrow hits Eustachio!
Eustachio is heavily wounded.
Eustachio misses you.
You shoot an arrow. The arrow hits Eustachio.
Eustachio is heavily wounded.
The quasit bites you but does no damage.
The quasit claws you but does no damage.
The quasit misses you. The white imp closely misses you.
The white imp hits you but does no damage.
The rat bites you but does no damage. The rat barely misses you.
You shoot an arrow. The arrow hits Eustachio.
Eustachio is severely wounded.
The quasit closely misses you.
The quasit claws you but does no damage.
The quasit closely misses you.
Eustachio screams, "This atrocity can only be purified with blood!"
Eustachio barely misses you. The white imp gestures at you.
The puff of frost hits you! The white imp gestures at you.
The puff of frost hits you. The rat bites you but does no damage.
The rat barely misses you.
You shoot an arrow. The arrow hits Eustachio.
Eustachio is severely wounded.
The quasit bites you but does no damage.
The quasit barely misses you.
The quasit claws you but does no damage.
Eustachio mumbles some strange words.
The white imp barely misses you.
The white imp hits you but does no damage.
The rat bites you. The rat bites you but does no damage.
You shoot an arrow. The arrow hits Eustachio!
Eustachio is almost dead.
The rat disappears in a puff of smoke!
The quasit misses you.
The quasit claws you but does no damage.
The quasit closely misses you.
Eustachio hits you with a +2 falchion of electrocution!
You die...
Eustachio twirls his moustache.

.. #. #.# #########
.##.# #
#.......##.##.# .#
#..........##.##.#
#........#...r5ยค.#
#........#.##@@#
#........#.rb55# #
#.)...#######.r#
###........#.....#
..%#######.#.###.#
##.# #.#.# #.#
##.### #...# #.#
.<...######.## #.#
##.#........## #.#


You could see Eustachio, a quasit (summoned), a river rat (summoned), 2 white
imps, a bat (summoned) and 2 rats.

Vanquished Creatures
  3 orc priests (D:3)
  An orc wizard (D:3)
  5 adders
  A dart slug (D:2)
  2 ribbon worms
  10 orcs (D:3)
  4 bats
  6 endoplasms
  A giant cockroach (D:1)
  3 goblins (D:1)
  4 hobgoblins
  4 jackals (D:2)
  7 kobolds
  3 quokkas
  5 ball pythons
  A frilled lizard (D:1)
  6 rats
66 creatures vanquished.

Notes
Turn   | Place    | Note
-------+----------+-------------------------------------------
     0 | D:1      | qw the Deep Elf Hunter began the quest for the Orb.
     0 | D:1      | Reached XP level 1. HP: 12/12 MP: 3/3
     0 | D:1      | 0 ||| qw: Version: 0.3-a-155-g5e7d8dd
     0 | D:1      | 0 ||| qw: Game counter: 855
     0 | D:1      | 0 ||| qw: Melee chars always use a shield: true
     0 | D:1      | 0 ||| qw: God list: Okawaru
     0 | D:1      | 0 ||| qw: Allow faded altars: false
     0 | D:1      | 0 ||| qw: Do Orc after clearing Dungeon:15 true
     0 | D:1      | 0 ||| qw: Do second Lair branch before Depths: true
     0 | D:1      | 0 ||| qw: Lair rune preference: random
     0 | D:1      | 0 ||| qw: Goals: Normal
     0 | D:1      | 0 ||| PLANNING D:1-11
   121 | D:1      | Reached XP level 2. HP: 16/16 MP: 4/4
   122 | D:1      | Reached skill level 6 in Ranged Weapons
   564 | D:1      | 564 ||| UPGRADING to +0 pair of gloves.
   569 | D:1      | 569 ||| UPGRADING to +0 scale mail.
   579 | D:1      | 579 ||| DROPPING +0 leather armour.
   580 | D:1      | 580 ||| UPGRADING to +0 helmet.
   585 | D:1      | 585 ||| UPGRADING to ring of positive energy.
   586 | D:1      | 586 ||| READING scroll labelled WEIXAO WUWYEL.
   586 | D:1      | 586 ||| ENCHANTING +0 shortbow.
   587 | D:1      | 587 ||| READING scroll labelled CIUBICR KIPONNUB.
   588 | D:1      | 588 ||| READING scroll labelled XUWIEL PEOTWO.
   588 | D:1      | 588 ||| IDENTIFYING lumpy ruby potion
   589 | D:1      | 589 ||| DRINKING 2 yellow potions.
   590 | D:1      | 590 ||| DROPPING scroll of butterflies.
   880 | D:2      | Reached XP level 3. HP: 20/20 MP: 5/5
  1160 | D:2      | Reached skill level 7 in Ranged Weapons
  1453 | D:2      | 1453 ||| UPGRADING to +0 ring mail.
  1463 | D:2      | 1463 ||| UPGRADING to +1 helmet.
  1473 | D:2      | 1473 ||| DROPPING +0 scale mail.
  1474 | D:2      | 1474 ||| DROPPING +0 helmet.
  1475 | D:2      | 1475 ||| READING scroll labelled FIYHIM LAALANE.
  1476 | D:2      | 1476 ||| READING scroll labelled DAJOZX OGROIR.
  1518 | D:3      | Found a stormy altar of Qazlal.
  1526 | D:3      | Reached XP level 4. HP: 25/25 MP: 6/6
  1578 | D:3      | Reached skill level 8 in Ranged Weapons
  1623 | D:3      | 1623 ||| RETREEEEATING.
  1626 | D:3      | Reached XP level 5. HP: 26/29 MP: 7/7
  1639 | D:3      | Reached skill level 9 in Ranged Weapons
  1650 | D:3      | 1650 ||| FLEEEEING.
  1651 | D:3      | 1651 ||| FLEEEEING.
  1652 | D:3      | 1652 ||| FLEEEEING.
  1655 | D:3      | 1655 ||| FLEEEEING.
  1656 | D:3      | 1656 ||| FLEEEEING.
  1657 | D:3      | 1657 ||| FLEEEEING.
  1658 | D:3      | 1658 ||| FLEEEEING.
  1659 | D:3      | 1659 ||| FLEEEEING.
  1660 | D:3      | 1660 ||| FLEEEEING.
  1693 | D:3      | Found Maitos's Weapon Shop.
  1704 | D:3      | 1704 ||| SHOPLISTING +2 shortbow of electrocution (234
                  | gold, have 112).
  1842 | D:3      | Found a shimmering blue altar of Sif Muna.
  1869 | D:3      | Found a sparkling altar of Nemelex Xobeh.
  1939 | D:3      | 1939 ||| UPGRADING to +4 ring of protection.
  1940 | D:3      | 1940 ||| READING 2 scrolls of identify.
  1940 | D:3      | 1940 ||| IDENTIFYING murky pink potion
  1941 | D:3      | 1941 ||| READING scroll of identify.
  1941 | D:3      | 1941 ||| IDENTIFYING inky potion
  1942 | D:3      | 1942 ||| READING scroll labelled FAYWNE BURCHU.
  1943 | D:3      | 1943 ||| DRINKING 2 fizzy silvery potions.
  1944 | D:3      | 1944 ||| DROPPING potion of brilliance.
  1945 | D:3      | 1945 ||| DROPPING potion of lignification.
  2163 | D:4      | Noticed Eustachio
  2164 | D:4      | 2164 ||| DRINKING potion of haste.
  2175 | D:4      | HP: 5/30 [white imp/puff of frost[Eustachio] (6)]
  2177 | D:4      | Mangled by Eustachio

Levels and vault maps discovered:
D:1:      eino_arrival_druids_welcome, layout_loops_ring
D:2:      layout_basic, roderic_lattice_a
D:3:      layout_basic, jmf_multi_god_temple2, old_standard_altar, serial_shops,
          shop
D:4:      layout_loops_cross, old_standard_altar, minmay_cut_off, uniq_eustachio

Skill      XL: |  1  2  3  4  5 |
---------------+----------------+-----
Ranged Weapons | 6 7 8 9 |  9.0
Fighting       | 2 |  2.0
Armour         | |  0.6
Dodging        | |  2.4
Stealth        | |  1.2

Action                     |  1- 3 |  4- 6 || total
---------------------------+-------+-------++-------
   Fire: Shortbow          |    97 |   105 ||   202
    Use: Scroll            |     5 |     3 ||     8
         Potion            |     1 |     2 ||     3
 Armour: Leather armour    |     3 |       ||     3
         Scale mail        |    11 |       ||    11
         Ring mail         |       |    58 ||    58
  Dodge: Dodged            |    15 |    46 ||    61

Table legend:
 A = Non-vault XP
 B = Vault XP
 C = Vault XP percentage of total XP
 D = Non-vault monster count
 E = Vault monster count
 F = Vault count percentage of total count
                 A         B        C        D         E       F
            +---------+---------+-------+---------+---------+-------
      Total |     329 |      15 |   4.4 |      64 |       2 |   3.0
            +---------+---------+-------+---------+---------+-------
        D:1 |      29 |       0 |   0.0 |      19 |       0 |   0.0
        D:2 |      60 |       0 |   0.0 |      19 |       0 |   0.0
        D:3 |     220 |      15 |   6.4 |      23 |       2 |   8.0
        D:4 |      20 |       0 |   0.0 |       3 |       0 |   0.0
            +---------+---------+-------+---------+---------+-------
